 Dungeon Crawl Stone Soup version 0.31-a0-1529-g7bd419a0e5 (webtiles) character file.

Game seed: 15576993985104109508

2 Hexicom the Ducker (level 1, 12/12 HPs)
             Began as a Felid Berserker on Dec 30, 2023.
             Was a Follower of Trog.
             Quit the game on level 1 of the Dungeon on Dec 31, 2023.
             The game lasted 00:01:05 (137 turns).

Hexicom the Ducker (Felid Berserker)                 Turns: 137, Time: 00:01:05

Health: 12/12      AC:  1    Str: 13    XL:     1   Next: 25%
Magic:  2/2        EV: 18    Int: 10    God:    Trog [*.....]
Gold:   0          SH:  0    Dex: 15    Spells: 0/0 levels left
                                        Lives:  1   Deaths: 0

rFire   . .          .
                       - Unarmed
rCold   . . .        (shield unavailable)
rNeg    . . .        (body armour unavailable)
rPois   .            (helmet unavailable)
rElec   .            (cloak unavailable)
rCorr   .            (gloves unavailable)
SInv    +            (boots unavailable)
Will    .....        (no amulet)
Stlth   +            (no ring)
HPRegen 0.22/turn    (no ring)
MPRegen 0.08/turn

%: no passive effects
@: no status effects
A: very small, claws 1, fangs 3, see invisible, shaggy fur 1, stealthy paws, no
weapons or thrown items, no armour, multi-lived
a: Renounce Religion, Berserk


You were on level 1 of the Dungeon.
You worshipped Trog.
Trog was aware of your devotion.
You visited 1 branch of the dungeon, and saw 1 of its levels.

You aren't carrying anything.


   Skills:
 + Level 3.0 Fighting
 + Level 4.0 Dodging
 + Level 3.0 Unarmed Combat


You couldn't memorise any spells.
You didn't know any spells.
Your spell library was empty.

Dungeon Overview and Level Annotations

Branches:
Dungeon (1/15)

Altars:


Innate Abilities, Weirdness & Mutations

You have sharp claws.
You have razor-sharp teeth.
You have supernaturally acute eyesight. (SInv)
You are covered in fur. (AC +1)
Your paws help you pounce on unaware monsters.
You are incapable of wielding weapons or throwing items.
You cannot wear armour.
You gain extra lives every three experience levels.


Message History

The web tears apart.
The ribbon worm bites you.
You scratch the ribbon worm but do no damage.
The ribbon worm is severely wounded.
You scratch the ribbon worm. You bite the ribbon worm.
You kill the ribbon worm!
Trog accepts your kill.
Found a stone staircase leading down.
There is a shaft here.
You start waiting.
Done waiting.
There is a shaft here.
You see here a serpent talisman.
An endoplasm comes into view.
The endoplasm quivers.
An endoplasm is nearby!
An endoplasm is nearby!
An endoplasm is nearby!
An endoplasm is nearby!
An endoplasm is nearby!
An endoplasm is nearby!
An endoplasm is nearby!
An endoplasm is nearby!
An endoplasm is nearby!
An endoplasm is nearby!
You don't know any spells.
You don't know any spells.
You don't know any spells.
You don't know any spells.
You don't know any spells.
Your library has no spells.
Welcome back, Hexicom the Felid Berserker.
Trog says: Kill them all!
Press ? for a list of commands and other information.
Welcome back, Hexicom the Felid Berserker.
Trog says: Kill them all!
Press ? for a list of commands and other information.
Welcome back, Hexicom the Felid Berserker.
Trog says: Kill them all!
Press ? for a list of commands and other information.
Are you sure you want to abandon this character and quit the game? (Confirm with "yes".)

#.........####.
#.####...## ?.
##.....##
##.......##
##.........##
#...........#
#....^..^...##
#......^.^%..##
##..>^.....#.@#
##.......###.#
##.....## ....
##..### #.....#
.....# ......#
.......#
..J....#
........
.......#
.......#
........#
.......#


You could see an endoplasm.

Vanquished Creatures
  A ribbon worm (D:1)
1 creature vanquished.

Notes
Turn   | Place    | Note
-------+----------+-------------------------------------------
     0 | D:1      | Hexicom the Felid Berserker began the quest for the Orb.
     0 | D:1      | Reached XP level 1. HP: 12/12 MP: 2/2
   137 | D:1      | Upgraded the game from 0.31-a0-1511-g961fd35ebc to
                  | 0.31-a0-1529-g7bd419a0e5
   137 | D:1      | Quit the game

Illustrated notes

Levels and vault maps discovered:
D:1:      dpeg_arrival_arbitrary_c, layout_basic, minmay_misc_feat_hallway,
          nicolae_wormholes

Action                     || total
---------------------------++-------
  Melee: Unarmed           ||     7
         Bite              ||     1
 Armour: Skin              ||     2
  Dodge: Dodged            ||     2

Table legend: (Time is in decaauts)
 A = Elapsed time spent in this place.
 B = Non-inter-level travel time spent in this place.
 C = Inter-level travel time spent in this place.
 D = Time resting spent in this place.
 E = Time spent auto-exploring this place.
 F = Levels seen in this place.
 G = Mean time per level.
                   A        B        C        D        E       F      G
               +--------+--------+--------+--------+--------+-----+--------+
         Total |    136 |    136 |      0 |    100 |      1 |   1 |  136.0 |
       Dungeon |    136 |    136 |      0 |    100 |      1 |   1 |  136.0 |
               +--------+--------+--------+--------+--------+-----+--------+

Top non-repeatable levels by time:
     D:1: 136 daAuts
